 Dungeon Crawl Stone Soup version 0.01-2115-ge649c80b0b (webtiles) character file.

Game seed: 8497708314914599413, levelgen mode: deterministic

17 Lanoc the Magician (level 2, -2/16 HPs) Silent Spectre Noble. Began on June 5, 2020. Slain by a cinder newt (3 damage) ... on level 1 of the Dungeon. The game lasted 00:03:42 (354 turns).

Lanoc the Magician (Silent Spectre Noble)            Turns: 354, Time: 00:03:43

Health: -2/16      AC:  2    Str:  6    XL:     2 ^: 16
Magic:  7/7        EV: 14    Int: 18    God:
Gold:   7          SH:  0    Dex: 14    Spells: 3/3 levels left

rFire    . . .     Vision   .   c - +0 dagger
rCold    . . .     Gourm    .   (no weapon)
rNeg     + + +     Faith    .   a - +0 robe
rPois    ∞         Spirit   .   (no helmet)
rElec    .         Reflect  .   (no cloak)
rCorr    .         Harm     .   (no gloves)
MR       .....                  (no boots)
Stlth    ++........             (no amulet)
HPRegen  0.15/turn              (no ring)
MPRegen  0.17/turn              (no ring)

@: silenced
A: silence aura, negative energy resistance 3, torment resistance, unbreathing,
petrification resistance, silent casting, insubstantial
a: no special abilities


You were on level 1 of the Dungeon.
You were not hungry.

You visited 1 branch of the dungeon, and saw 1 of its levels.
You also visited: Market.
You spent 993 gold pieces at shops.

Inventory:

Weapons
 c - a +0 dagger (weapon)
Armour
 a - a +0 robe (worn)
Potions
 b - 2 potions of haste


   Skills:
 + Level 1.1 Fighting
 + Level 1.1 Dodging
 - Level 1.2 Stealth
 * Level 1.4 Spellcasting


You had 3 spell levels left.
You didn't know any spells.
Your spell library contained the following spells:

 Spells                   Type           Power        Failure   Level  Hunger
 Poison Arrow             Pois           1 (200)      100%        6    N/A
 Chain Lightning          Air            1 (200)      100%        8    N/A
 Lehudib's Crystal Spear  Erth           1 (200)      100%        8    N/A
 Fire Storm               Fire           1 (200)      100%        9    N/A
 Glaciate                 Ice            1 (200)      100%        9    N/A

Dungeon Overview and Level Annotations

Branches:
Dungeon (1/8)

Altars:


Innate Abilities, Weirdness & Mutations

You are surrounded by an aura of unnatural quiet.
You are immune to poison.
You are immune to negative energy. (rN+++)
You are immune to unholy pain and torment.
You can survive without breathing.
You are immune to petrification.
You can communicate with gods and cast spells while silenced.
Your insubstantial form boosts your evasion and grants immunity to sticky flames, nets and constriction.


Message History

You are too injured to fight recklessly!
You are too injured to fight recklessly!
You are too injured to fight recklessly!
You are too injured to fight recklessly!
You closely miss the cinder newt. You barely miss the cinder newt.
The cinder newt bites you (1). The cinder newt burns you!
* * * LOW HITPOINT WARNING * * *
You hit the cinder newt (1).
The cinder newt is moderately wounded. (9/14) HP You hit the cinder newt but do no damage.
The cinder newt is moderately wounded. (9/14) HP The cinder newt closely misses you (0).
You hit the cinder newt (1).
The cinder newt is heavily wounded. (8/14) HP You miss the cinder newt.
The cinder newt is heavily wounded. (8/14) HP The cinder newt bites you (1).
* * * LOW HITPOINT WARNING * * *
The cinder newt burns you!
You die...

#.P.. ##########....
#####...........†<
#.................
#.###..........P..
#.#####.###.........#...
........................
#..####.######.#######..
#@# #.# ### #l# #.#
#r######.# #.†....#.#
#......#.# #......#.#
#........# #......###
..)....#


You could see a cinder newt and a rat.

Vanquished Creatures
  A cinder newt (D:1)
  2 giant cockroaches (D:1)
  A goblin (D:1)
  2 bats (D:1)
  5 kobolds (D:1)
  2 rats (D:1)
13 creatures vanquished.

Notes
Turn   | Place    | Note
-------+----------+-------------------------------------------
     0 | Start Ma | Lanoc the Silent Spectre Noble began the quest for the Orb.
     0 | Start Ma | Reached XP level 1. HP: 11/11 MP: 4/4
     0 | Start Ma | Found Qatathruge's Expert Tomes.
     1 | Start Ma | Found Uppoump's Auxillary Armour.
    21 | Start Ma | Found Ehisaw's Mashing MeleeMart.
    48 | Start Ma | Bought a book of Annihilations for 993 gold pieces
    57 | D:1      | Lanoc set off with the following items: a +0 robe; and the
                  | following spells available to memorise: Poison Arrow, Chain
                  | Lightning, Lehudib's Crystal Spear, Fire Storm, Glaciate
    94 | D:1      | Reached skill level 1 in Fighting
    94 | D:1      | Reached skill level 1 in Spellcasting
   114 | D:1      | Reached XP level 2. HP: 9/16 MP: 6/6
   294 | D:1      | Reached skill level 1 in Dodging
   354 | D:1      | Slain by a cinder newt

Levels and vault maps discovered:
D:1:      dpeg_arrival_orchard, layout_basic, minmay_tall_x

Skill      XL: |  1  2 |
---------------+-------+-----
Fighting       | 1 |  1.1
Spellcasting   | 1 |  1.4
Dodging        | 1 |  1.1
Stealth        | |  1.2

Action                   || total
-------------------------++-------
Melee: Unarmed           ||   159
       Dagger            ||    60
Armor: Robe              ||    14
Dodge: Dodged            ||    84
